 Dungeon Crawl Stone Soup version bcrawl-1.13.1 (webtiles) character file.

Game seed: 4692404887136519329

263 Revguard the Sneak (level 5, -15/39 HPs)
             Began as a Demonspawn Archaeologist on Aug 2, 2019.
             Demolished by Menkaure (19 damage)
             ... on level 4 of the Dungeon.
             The game lasted 00:07:54 (3168 turns).

Revguard the Sneak (Demonspawn Archaeologist)       Turns: 3168, Time: 00:07:55

Health: -15/39     AC: 11    Str: 11    XL:     5   Next: 98%
Magic:  6/6        EV: 11    Int: 16    God:
Gold:   162        SH:  0    Dex: 12    Spells: 4/4 levels left

rFire    . . .     SeeInvis .   p - +0 morningstar
rCold    . . .     Gourm    .   (no shield)
rNeg     . . .     Faith    .   u - +0 ring mail
rPois    .         Spirit   .   c - +1 hat
rElec    .         Reflect  .   a - +1 cloak
rCorr    .         Harm     .   (no gloves)
MR       .....                  d - +1 pair of boots
Stlth    ++++......             (no amulet)
HPRegen  0.13/turn              l - ring of stealth
MPRegen  0.10/turn              (no ring)

@: studying Armour
A: claws 1, rugged brown scales 1
a: no special abilities


You were on level 4 of the Dungeon.
You were very hungry.

You visited 1 branch of the dungeon, and saw 4 of its levels.

You collected 162 gold pieces.

Inventory:

Hand Weapons
 p - a +0 morningstar (weapon)
 t - a -1 falchion
Missiles
 m - 39 poisoned tomahawks (quivered)
Armour
 a - a +1 cloak (worn)
 c - a +1 hat (worn)
 d - a +1 pair of boots (worn)
 u - a +0 ring mail (worn)
Jewellery
 l - a ring of stealth (left claw)
Scrolls
 b - a scroll of identify
 n - 4 scrolls of teleportation
 q - a scroll of magic mapping
 s - a scroll of enchant armour
 v - 2 scrolls of enchant weapon
Potions
 i - a potion of magic
 j - 3 potions of lignification
 k - a potion of might
 r - a potion of flight
Books
 e - a manual of Armour
Miscellaneous
 f - an ancient crate
Comestibles
 g - 6 rations {!d}


   Skills:
 + Level 1.7 Fighting
 + Level 1.9 Long Blades
 + Level 1.8 Maces & Flails
 * Level 3.0 Armour
 + Level 3.5 Dodging
 + Level 3.7 Stealth
 * Level 1.9 Evocations


You had 4 spell levels left.
You didn't know any spells.
Your spell library was empty.

Dungeon Overview and Level Annotations

Branches:
Dungeon (4/12)
 Temple: D:4-7

Altars:

Annotations:
D:4 Menkaure


Innate Abilities, Weirdness & Mutations

You have sharp fingernails.
You are partially covered in rugged brown scales. (AC +1, +3% HP)


Message History

* * * LOW HITPOINT WARNING * * *
You hit Menkaure but do no damage. Menkaure casts a spell at you.
Pain shoots through your body!
* * * LOW HITPOINT WARNING * * *
As you read the scroll labeled HEWUUJUR GUMUUSUE, it crumbles to dust.
You feel as if something is helping you.
It was a scroll of remove curse.
Menkaure hits you.
* * * LOW HITPOINT WARNING * * *
Wield which item (- for none, * to show all)? (? for menu, Esc to quit)
p - a +0 morningstar (weapon)
Menkaure misses you.
You puncture Menkaure!
Menkaure is heavily damaged.
You are feeling very hungry.
Menkaure points at you and mumbles some strange words.
Pain shoots through your body!
* * * LOW HITPOINT WARNING * * *
Menkaure hits you!!
You die...

###########
#.M@......#
#.........###
#...........########
#####.....#.........
#.................
#..#.#..##########
##.......# ..
###...... .. ####.#
..


You could see Menkaure.

Vanquished Creatures
  A crimson imp (D:3)
  An orc priest (D:3)
  A hound (D:3)
  Terence (D:3)
  A hound skeleton (D:4)
  5 adders (D:3)
  A shadow imp (D:3)
  An ooze (D:3)
  An adder zombie (D:3)
  A worm (D:2)
  A dart slug (D:3)
  4 leopard geckos
  6 orcs (D:3)
  3 ball pythons
  3 bats
  3 giant cockroaches
  7 goblins
  7 hobgoblins
  2 quokkas (D:2)
  4 frilled lizards
  6 kobolds
  3 rats
63 creatures vanquished.

Notes
Turn   | Place    | Note
-------+----------+-------------------------------------------
     0 | D:1      | Revguard the Demonspawn Archaeologist began the quest for
                  | the Orb.
     0 | D:1      | Reached XP level 1. HP: 15/15 MP: 1/1
   499 | D:1      | Gained mutation: You have sharp fingernails. [demonic
                  | ancestry]
   499 | D:1      | Reached XP level 2. HP: 11/21 MP: 2/2
   853 | D:2      | Reached skill level 1 in Maces & Flails
   999 | D:2      | Reached XP level 3. HP: 18/26 MP: 3/3
  1416 | D:3      | Reached skill level 1 in Armour
  1416 | D:3      | Reached skill level 1 in Evocations
  1422 | D:3      | Gained mutation: You are partially covered in rugged brown
                  | scales. (AC +1, +3% HP) [demonic ancestry]
  1422 | D:3      | Reached XP level 4. HP: 22/32 MP: 4/4
  1668 | D:3      | Noticed Terence
  1691 | D:3      | Killed Terence
  1893 | D:3      | Reached XP level 5. HP: 17/38 MP: 4/6
  2123 | D:3      | Reached skill level 1 in Long Blades
  3153 | D:4      | Noticed Menkaure
  3168 | D:4      | Demolished by Menkaure

Skill      XL: |  1  2  3  4  5 |
---------------+----------------+-----
Dodging        | 3 |  3.5
Maces & Flails | 1 |  1.8
Armour         | 1 2 3 |  3.0
Evocations     | 1 |  1.9
Long Blades    | 1 |  1.9
Fighting       | |  1.7
Stealth        | |  3.7

Action                   |  1- 3 |  4- 6 || total
-------------------------+-------+-------++-------
Melee: Whip              |    47 |       ||    47
       Mace              |    59 |       ||    59
       Falchion          |    15 |   292 ||   307
       Morningstar       |       |     1 ||     1
Throw: Tomahawk          |       |    22 ||    22
  Use: Scroll            |     9 |     3 ||    12
       Potion            |     3 |     7 ||    10
 Stab: Sleeping          |     8 |     3 ||    11
  Eat: Chunk             |     1 |     6 ||     7
Armor: Robe              |    40 |    22 ||    62
       Ring mail         |       |   111 ||   111
       Skin              |       |    15 ||    15
Dodge: Dodged            |    80 |   179 ||   259
